 Dungeon Crawl Stone Soup version 0.31-a0-803-g95b03c3367 (webtiles) character file.

Game seed: 16692843140060792190

61 MackTheKnife the Shield-Bearer (level 4, -2/33 HPs)
             Began as a Meteoran Wanderer on Sept 20, 2023.
             Succumbed to a kobold's poison
             ... on level 2 of the Dungeon.
             The game lasted 00:02:42 (862 turns).

MackTheKnife the Shield-Bearer (Meteoran Wanderer)   Turns: 862, Time: 00:02:43

Health: -2/33      AC:  2    Str: 11    XL:     4   Next: 51%
Magic:  9/9        EV: 10    Int: 11    God:
Gold:   78         SH:  8    Dex: 25    Spells: 7/8 levels left

rFire   x . .        i - +0 short sword {short}
rCold   + . .        c - +2 buckler
rNeg    . . .        e - +0 robe
rPois   .            (no helmet)
rElec   .            (no cloak)
rCorr   .            (no gloves)
SInv    .            (no boots)
Will    +++..        (no amulet)
Stlth   +            k - ring "Ateim" {Ice Fly Will+++ Dex+5}
HPRegen 0.25/turn    (no ring)
MPRegen 0.11/turn

%: no passive effects
@: lethally poisoned (-2 -> -21), flying, glowing
A: sense surroundings 1, otherworldly, glowing, explore regen
a: no special abilities


You were on level 2 of the Dungeon.
You visited 1 branch of the dungeon, and saw 2 of its levels.

You collected 78 gold pieces.


Innate Abilities, Weirdness & Mutations

You passively map a small area around you.
You are easily found by Zot.
You glow in the dark.
You regain HP and MP as you explore.


   Skills:
 + Level 2.6 Short Blades
 - Level 2.4 Throwing
 - Level 1.4 Stealth
 + Level 4.4 Shields
 - Level 2.6 Spellcasting
 - Level 1.2 Fire Magic


You had 7 spell levels left.
You knew the following spells:

 Your Spells              Type           Power      Damage    Failure   Level
a - Foxfire               Conj/Fire      8%         2x1d4     28%         1

Your spell library contained the following spells:

 Spells                   Type           Power      Damage    Failure   Level
 Volatile Blastmotes      Fire/Tloc      4%         2d10      65%         3

Inventory:

Hand Weapons
 i - a +0 short sword (weapon) {short}
   (You found it on level 1 of the Dungeon)
Missiles
 b - 14 poisoned darts (quivered) {throwing}
Armour
 c - a +2 buckler (worn)
 e - a +0 robe (worn)
 f - a +2 tower shield
   (You found it on level 2 of the Dungeon)
Jewellery
 h - an amulet of faith {!P}
   (You found it on level 1 of the Dungeon)
 k - the ring "Ateim" (left hand) {Ice Fly Will+++ Dex+5}
   (You found it on level 2 of the Dungeon)

   [ring of ice]

   Ice:       It enhances your ice magic.
   Dex+5:     It affects your dexterity (+5).
   rF-:       It makes you vulnerable to fire.
   rC+:       It protects you from cold.
   Will+++:   It greatly increases your willpower.
   Fly:       It grants you flight.
Scrolls
 a - 2 scrolls of identify {unknown}
 g - 2 scrolls of noise {unknown}
Potions
 d - a potion of haste {@q3}
 j - a potion of lignification {unknown}

Dungeon Overview and Level Annotations

Branches:
Dungeon (2/15) Zot: 340

Altars:

. #.#> , ,, * *
..##.#. * **
.......######## ,
.......)....... ,*
, ........### ** *
, ..........##
*.#.. ,
.......##SK#
#.#.##### .......
##'#####......... ,
.....##
#.@....#..........*
, .....
#......#..........
, ....
#......#..........
....
#......#..........
, ...,
#.....†...........#
, *
#......#†.........#
, , ,,*
#......#.....###...
*
#......#.....###...
#......#...........


You could see a ball python and a kobold.


Message History

You kill the bat!
You hit the quokka.
You kill the quokka! 😎 HP[+1]
Your hp is fully restored (33).
No target in view!
No target in view!
No target in view!
No target in view!
No target in view!
No target in view!
k - the ring "Ateim" {Ice Fly Will+++ Dex+5} You feel more attuned to ice.
You feel agile.
You fly up into the air.
k - the ring "Ateim" (left hand) {Ice Fly Will+++ Dex+5} You now have 78 gold pieces (gained 14).
You reach down and open the door.
There is an open door here.
Found a stone staircase leading down.
A kobold and an adder come into view.
The adder hisses angrily.
There are monsters nearby!
A kobold comes into view. It is wielding a +2 dagger of venom.
The kobold shouts! x2; You hear an angry hiss.
A ball python comes into view.
You hit the kobold.
The kobold hits you with a +0 short sword.
The kobold hits you with a +2 dagger of venom. 😕 HP[-6]
You take 6 damage, and now have 27/33 hp.
You hit the kobold.
You kill the kobold!
The kobold hits you with a +2 dagger of venom.
You are poisoned. 😕 HP[-1]
You take 1 damage, and now have 26/33 hp.
You feel sick. 😮 HP[-2]
You take 2 damage, and now have 24/33 hp.
You feel sick.
The kobold throws a stone.
You block the stone. 😮 HP[-2]
You take 2 damage, and now have 22/33 hp.
You are too injured to fight recklessly!
You are too injured to fight recklessly!
You are too injured to fight recklessly!
You feel sick.
There is an open door here.
You hit the adder.
You feel sick.
You block the adder's attack. x2 😮 HP[-1]
You take 1 damage, and now have 21/33 hp.
You hit the adder.
You feel sick. You block the adder's attack. 😮 HP[-1]
You take 1 damage, and now have 20/33 hp.
You hit the adder.
You feel sick. The adder barely misses you. 😮 HP[-1]
You take 1 damage, and now have 19/33 hp.
You hit the adder but do no damage.
You feel sick.
You are no longer poisoned.
The adder barely misses you. The kobold barely misses you.
You hit the adder.
You kill the adder!
The kobold hits you with a +2 dagger of venom. 😮 HP[-2]
You take 2 damage, and now have 17/33 hp.
You closely miss the kobold. The ball python bites you.
* * * LOW HITPOINT WARNING * * *
You block the ball python's attack. The kobold closely misses you.
The ball python closely misses you.
The ball python barely misses you. 😨 HP[-1]
You take 1 damage, and now have 16/33 hp.
You barely miss the kobold. The ball python misses you.
The ball python barely misses you.
The kobold hits you with a +2 dagger of venom.
* * * LOW HITPOINT WARNING * * *
😨 HP[-3]
You take 3 damage, and now have 13/33 hp.
You closely miss the kobold.
The ball python bites you but does no damage.
The ball python grabs you. The ball python constricts you.
The kobold hits you with a +2 dagger of venom.
* * * LOW HITPOINT WARNING * * *
You are poisoned. 😨 HP[-1]
You take 1 damage, and now have 12/33 hp.
The ball python's grasp on you weakens, but your attempt to escape fails.
* * * LOW HITPOINT WARNING * * *
You feel very sick.
The ball python bites you but does no damage.
The ball python constricts you.
* * * LOW HITPOINT WARNING * * *
The kobold hits you with a +2 dagger of venom.
* * * LOW HITPOINT WARNING * * *
You are more poisoned. 😱 HP[-10]
You take 10 damage, and now have 2/33 hp.
MASSIVE DAMAGE!! (PAUSE)
You escape the ball python's grasp.
You die...

Skill      XL: |  1  2  3 |
---------------+----------+-----
Short Blades   | 1 2 |  2.6
Shields        | 4 |  4.4
Throwing       | |  2.4
Stealth        | |  1.4
Spellcasting   | |  2.6
Fire Magic     | |  1.2

Action                     |  1- 3 |  4- 6 || total
---------------------------+-------+-------++-------
  Melee: Dagger            |    18 |       ||    18
         Short sword       |    86 |    27 ||   113
   Stab: Sleeping          |     1 |       ||     1
 Armour: Robe              |    50 |    16 ||    66
  Dodge: Dodged            |    44 |    16 ||    60
  Block: Buckler           |    42 |    10 ||    52

Levels and vault maps discovered:
D:1:      minmay_arrival_five_plusses, layout_loops_ring
D:2:      layout_basic, kennysheep_nub

Notes
Turn   | Place    | Note
-------+----------+-------------------------------------------
     0 | D:1      | MackTheKnife the Meteoran Wanderer began the quest for the
                  | Orb.
     0 | D:1      | MackTheKnife set off with the following items: a +0 dagger
                  | {short}, 11 poisoned darts {throwing}, a +2 buckler, a
                  | potion of haste {@q3}, a +0 robe; and the following spell
                  | memorised: Foxfire; and the following spells available to
                  | memorise: Volatile Blastmotes.
     0 | D:1      | Reached XP level 1. HP: 14/14 MP: 5/5
     0 | D:1      | magus.rc [v1.9.6]
   190 | D:1      | Reached XP level 2. HP: 20/20 MP: 6/6
   196 | D:1      | Reached skill level 1 in Short Blades
   309 | D:1      | Reached XP level 3. HP: 23/26 MP: 8/8
   534 | D:2      | Noticed an ogre
   566 | D:2      | Reached skill level 2 in Short Blades
   566 | D:2      | Reached skill level 4 in Shields
   635 | D:2      | Reached XP level 4. HP: 29/33 MP: 9/9
   808 | D:2      | Identified the ring "Ateim" {Ice Fly Will+++ Dex+5}
   861 | D:2      | HP: 8/33 [constriction (1)]
   861 | D:2      | HP: 2/33 [kobold/+2 dagger of venom (6)]
   862 | D:2      | Succumbed to a kobold's poison

Vanquished Creatures
  3 adders (D:2)
  2 bats
  3 endoplasms (D:1)
  3 giant cockroaches (D:2)
  5 hobgoblins
  4 jackals (D:1)
  4 kobolds
  A quokka (D:2)
  3 ball pythons
  A frilled lizard (D:2)
29 creatures vanquished.

Table legend:
 A = Non-vault XP
 B = Vault XP
 C = Vault XP percentage of total XP
 D = Non-vault monster count
 E = Vault monster count
 F = Vault count percentage of total count
                 A         B        C        D         E       F
            +---------+---------+-------+---------+---------+-------
      Total |      88 |       0 |   0.0 |      29 |       0 |   0.0
            +---------+---------+-------+---------+---------+-------
        D:1 |      31 |       0 |   0.0 |      16 |       0 |   0.0
        D:2 |      57 |       0 |   0.0 |      13 |       0 |   0.0
            +---------+---------+-------+---------+---------+-------

Skill      XL: |  1  2  3 |
---------------+----------+-----
Short Blades   | 1 2 |  2.6
Shields        | 4 |  4.4
Throwing       | |  2.4
Stealth        | |  1.4
Spellcasting   | |  2.6
Fire Magic     | |  1.2

Action                     |  1- 3 |  4- 6 || total
---------------------------+-------+-------++-------
  Melee: Dagger            |    18 |       ||    18
         Short sword       |    86 |    27 ||   113
   Stab: Sleeping          |     1 |       ||     1
 Armour: Robe              |    50 |    16 ||    66
  Dodge: Dodged            |    44 |    16 ||    60
  Block: Buckler           |    42 |    10 ||    52

Illustrated notes

Table legend:
 A = Kills in this place as a percentage of kills in the entire game.
 B = Kills by you in this place as a percentage of kills by you in the entire game.
 C = Kills by friends in this place as a percentage of kills by friends in the entire game.
 D = Other kills in this place as a percentage of other kills in the entire game.
 E = Experience gained in this place as a percentage of experience gained in the entire game.
 F = Experience gained in this place divided by the number of levels of this place that you have seen.
                   A       B       C       D       E      F
               +-------+-------+-------+-------+-------+----------------------
         Total | 100.0 | 100.0 |   N/A |   N/A | 100.0 |  44.0
       Dungeon | 100.0 | 100.0 |   N/A |   N/A | 100.0 |  44.0
               +-------+-------+-------+-------+-------+----------------------

Table legend: (Time is in decaauts)
 A = Elapsed time spent in this place.
 B = Non-inter-level travel time spent in this place.
 C = Inter-level travel time spent in this place.
 D = Time resting spent in this place.
 E = Time spent auto-exploring this place.
 F = Levels seen in this place.
 G = Mean time per level.
                   A        B        C        D        E       F      G
               +--------+--------+--------+--------+--------+-----+--------+
         Total |    859 |    793 |     66 |     15 |    286 |   2 |  429.5 |
       Dungeon |    859 |    793 |     66 |     15 |    286 |   2 |  429.5 |
               +--------+--------+--------+--------+--------+-----+--------+

Top non-repeatable levels by time:
     D:2: 434 daAuts
     D:1: 425 daAuts
